 Dungeon Crawl Stone Soup version 0.23.0 (webtiles) character file.

Game seed: 11261466944378986078

105 ohad the Insei (level 4, -3/32 HPs)
             Began as a Demonspawn Transmuter on Feb 16, 2019.
             Slain by a centaur (6 damage)
             ... on level 2 of the Dungeon.
             The game lasted 00:03:55 (2286 turns).

ohad the Insei (Demonspawn Transmuter)              Turns: 2286, Time: 00:03:56

Health: -3/32      AC:  5    Str: 10    XL:     4   Next: 54%
Magic:  0/7        EV: 12    Int: 15    God:
Gold:   75         SH:  0    Dex: 17    Spells: 1/7 levels left

rFire    . . .     SeeInvis .     - Unarmed
rCold    . . .     Gourm    .   (no shield)
rNeg     . . .     Faith    .   b - +0 robe
rPois    .         Spirit   .   (no helmet)
rElec    .         Reflect  .   (no cloak)
rCorr    .         Harm     .   (no gloves)
MR       .....                  (no boots)
Stlth    +.........             (no amulet)
HPRegen  0.10/turn              g - +3 ring of dexterity
MPRegen  0.10/turn              (no ring)

@: appendage, very slightly contaminated
A: hooves 1, horns 2, molten scales 2
a: End Transformation


You were on level 2 of the Dungeon.
You were not hungry.
You had grown temporary horns.
You visited 1 branch of the dungeon, and saw 2 of its levels.

You collected 75 gold pieces.

Inventory:

Missiles
 a - 12 arrows
Armour
 b - a +0 robe (worn)
 j - a +0 ring mail
Jewellery
 e - a cursed ring of attention {unknown}
 g - a +3 ring of dexterity (left hand)
Scrolls
 k - a scroll of enchant armour {unknown}
Potions
 c - 4 potions of heal wounds {unknown}
 f - a potion of curing
 h - 2 potions of mutation {unknown}
Comestibles
 d - a ration
 i - a chunk of flesh


   Skills:
 - Level 1.0 Fighting
 - Level 1.7 Dodging
 - Level 4.3 Unarmed Combat
 - Level 2.0 Spellcasting
 + Level 1.8 Transmutations
 - Level 2.0 Poison Magic


You had one spell level left.
You knew the following spells:

 Your Spells              Type           Power        Failure   Level  Hunger
a - Beastly Appendage     Tmut           #.....       11%         1    #......
b - Sticks to Snakes      Tmut           #.......     16%         2    ###....
c - Spider Form           Tmut/Pois      #.........   30%         3    ###....

Your spell library contained the following spells:

 Spells                   Type           Power        Failure   Level  Hunger
 Ice Form                 Ice/Tmut       #.......     83%         4    #####..
 Blade Hands              Tmut           #.........   96%         5    ######.


Dungeon Overview and Level Annotations

Branches:
Dungeon (2/15)

Altars:


Innate Abilities, Weirdness & Mutations

You have large cloven feet.
You are mostly covered in molten scales. (AC +3)
You have a pair of horns on your head.


Message History

The centaur is lightly wounded.
The centaur misses you. The quokka barely misses you.
You hit the centaur but do no damage. You kick the centaur.
The centaur is moderately wounded.
The centaur hits you. The kobold completely misses you. The quokka bites you.
* * * LOW HITPOINT WARNING * * *
The centaur barely misses you.
You hit the centaur but do no damage. You kick the centaur, but do no damage.
The centaur is moderately wounded.
The kobold hits you.
* * * LOW HITPOINT WARNING * * *
The centaur hits you but does no damage.
The quokka barely misses you.
You barely miss the centaur. You kick the centaur. You headbutt the centaur.
The centaur is heavily wounded.
The centaur hits you.
* * * LOW HITPOINT WARNING * * *
The quokka bites you but does no damage.
The kobold closely misses you. The centaur hits you.
You die...

...#.# ...#.# ...#.#
...#.########
...#........#
.........##.#
##.......##.######
#.........รท.....######
#
#..............@c....#.#
#.............Kr(......#
#.......######(#(.(....#
######### #.##.#.....
#.##.# #... #.##.# ..
#.##.# .....# ....c#


You could see a centaur, a quokka and a kobold.

Vanquished Creatures
  4 gnolls
  An adder (D:2)
  3 oozes (D:1)
  A dart slug (D:1)
  A leopard gecko (D:1)
  A giant cockroach (D:2)
  2 goblins (D:1)
  9 hobgoblins
  4 jackals (D:1)
  5 kobolds
  A ball python (D:1)
  4 bats
  A frilled lizard (D:2)
  5 rats
42 creatures vanquished.

Notes
Turn   | Place    | Note
-------+----------+-------------------------------------------
     0 | D:1      | ohad the Demonspawn Transmuter began the quest for the Orb.
     0 | D:1      | Reached XP level 1. HP: 15/15 MP: 3/3
    44 | D:1      | Reached skill level 3 in Unarmed Combat
    63 | D:1      | Gained mutation: You are partially covered in molten
                  | scales. (AC +2) [demonic ancestry]
    63 | D:1      | Reached XP level 2. HP: 1/21 MP: 1/5
   384 | D:1      | Learned a level 2 spell: Sticks to Snakes
   604 | D:1      | Gained mutation: You have large cloven feet. [demonic
                  | ancestry]
   604 | D:1      | Reached XP level 3. HP: 26/26 MP: 4/6
   730 | D:1      | Reached skill level 4 in Unarmed Combat
  1386 | D:1      | Learned a level 3 spell: Spider Form
  1777 | D:2      | Gained mutation: You are mostly covered in molten scales.
                  | (AC +3) [demonic ancestry]
  1777 | D:2      | Reached XP level 4. HP: 30/32 MP: 5/7
  1878 | D:2      | Reached skill level 1 in Poison Magic
  2266 | D:2      | Noticed a centaur
  2286 | D:2      | Slain by a centaur

Skill      XL: |  1  2  3  4 |
---------------+-------------+-----
Unarmed Combat | 3 4 |  4.3
Poison Magic   | 2 |  2.0
Fighting       | |  1.0
Dodging        | |  1.7
Spellcasting   | |  2.0
Transmutations | |  1.8

Action                   |  1- 3 |  4- 6 || total
-------------------------+-------+-------++-------
Melee: Unarmed           |   112 |    23 ||   135
       Headbutt          |     5 |     1 ||     6
       Punch             |     1 |       ||     1
       Kick              |    17 |     4 ||    21
 Cast: Beastly Appendage |    19 |     2 ||    21
       Spider Form       |       |     4 ||     4
  Use: Scroll            |     1 |       ||     1
  Eat: Chunk             |     1 |     1 ||     2
       Ration            |     1 |       ||     1
Armor: Robe              |    29 |     5 ||    34
       Skin              |       |     1 ||     1
Dodge: Dodged            |    69 |    24 ||    93
